 Dungeon Crawl Stone Soup version 0.21-a0-110-g8e1637b (webtiles) character file.

26334 Musica the Thaumaturge (level 12, -17/64 HPs)
             Began as a Deep Elf Fire Elementalist on July 7, 2017.
             Was a High Priest of Sif Muna.
             Hit by a large rock thrown by a stone giant (48 damage)
             ... on level 2 of the Orcish Mines.
             The game lasted 01:50:41 (15153 turns).

Musica the Thaumaturge (DEFE)                      Turns: 15153, Time: 01:50:41

Health: -17/64     AC:  7    Str:  6      XL:     12   Next: 97%
Magic:  41/41      EV: 12    Int: 24 (25) God:    Sif Muna [*****.]
Gold:   478        SH:  0    Dex: 19      Spells: 9/40 levels left

rFire    + + .     SeeInvis .   I - staff of conjuration
rCold    x . .     Gourm    .   (no shield)
rNeg     . . .     Faith    .   Q - +0 troll leather armour
rPois    .         Spirit   .   (helmet restricted)
rElec    .         Reflect  .   (no cloak)
rCorr    .         Harm     .   (no gloves)
MR       +....                  m - +0 pair of boots
Stlth    +++.......             (no amulet)
HPRegen  0.60/turn              C - ring of magical power
MPRegen  0.27/turn              u - ring of fire

@: very slightly contaminated
A: antennae 1, talons 1, iridescent scales 1, thin skeletal structure 2,
deterioration 1, fire resistance 1, robust 1, wild magic 1, MP-powered wands
a: Divine Energy, Channel Magic, Forget Spell, Renounce Religion


You were on level 2 of the Orcish Mines.
You worshipped Sif Muna.
Sif Muna was extremely pleased with you.
You were not hungry.

You visited 3 branches of the dungeon, and saw 15 of its levels.

You collected 828 gold pieces.
You spent 350 gold pieces at shops.

Inventory:

Hand Weapons
 w - a +2 dagger of electrocution
 N - a +2 demon whip of electrocution
 R - a +0 blowgun
Missiles
 d - 15 poisoned needles
 t - 19 tomahawks (quivered)
 D - 3 throwing nets
 H - 4 needles of sleeping
Armour
 m - a +0 pair of boots (worn)
 v - the +0 helmet of Gul Ydy {rC+ rN+ Slay-3}
   (You found it on level 4 of the Dungeon)

   It affects your accuracy and damage with ranged weapons and melee attacks
   (-3).
   It protects you from cold.
   It protects you from negative energy.
 F - a +0 leather armour of cold resistance
 Q - a +0 troll leather armour (worn)
Magical Staves
 I - an uncursed staff of conjuration (weapon)
Jewellery
 n - an uncursed ring of resist corrosion
 o - an uncursed ring of poison resistance
 u - a ring of fire (right hand)
 A - a +4 ring of slaying
 C - a ring of magical power (left hand)
Wands
 i - a wand of iceblast (8/15)
 q - a wand of disintegration (8/24)
 r - a wand of acid (0/15)
 B - a wand of confusion (4/48)
 E - a wand of lightning (7/15)
 M - a wand of confusion (14/48)
 S - a wand of scattershot (4/9)
Scrolls
 e - a scroll of fear
 f - 3 scrolls of identify
 x - 2 scrolls of amnesia
 G - a scroll of blinking
 L - a scroll of magic mapping
Potions
 j - a potion of agility
 k - 2 potions of haste
 p - 2 potions of brilliance
 z - a potion of might
 O - a potion of curing
 P - a potion of magic
Books
 a - Sif Muna's Catalogue of Attacks
   (Sif Muna gifted it to you on level 11 of the Dungeon)

   Spells                             Type                      Level
   a - Throw Flame                    Conjuration/Fire             2
   b - Mephitic Cloud                 Conjuration/Poison/Air       3
   c - Iskenderun's Mystic Blast      Conjuration                  4
   d - Bolt of Draining               Conjuration/Necromancy       5
   e - Bolt of Cold                   Conjuration/Ice              6
   f - Orb of Destruction             Conjuration                  7
   g - Chain Lightning                Conjuration/Air              8
 b - a book of Flames

   Spells                             Type                      Level
   a - Flame Tongue                   Conjuration/Fire             1
   b - Throw Flame                    Conjuration/Fire             2
   c - Conjure Flame                  Conjuration/Fire             3
   d - Inner Flame                    Hexes/Fire                   3
   e - Sticky Flame                   Conjuration/Fire             4
   f - Fireball                       Conjuration/Fire             5
 g - a book of Air

   Spells                             Type                      Level
   a - Shock                          Conjuration/Air              1
   b - Swiftness                      Charms/Air                   2
   c - Static Discharge               Conjuration/Air              3
   d - Airstrike                      Air                          4
   e - Lightning Bolt                 Conjuration/Air              5
 J - a book of Callings

   Spells                             Type                      Level
   a - Summon Small Mammal            Summoning                    1
   b - Call Imp                       Summoning                    2
   c - Call Canine Familiar           Summoning                    3
   d - Summon Guardian Golem          Hexes/Summoning              3
   e - Summon Lightning Spire         Summoning/Air                4
   f - Summon Ice Beast               Ice/Summoning                4
 K - a book of Frost

   Spells                             Type                      Level
   a - Freeze                         Ice                          1
   b - Throw Frost                    Conjuration/Ice              2
   c - Ozocubu's Armour               Charms/Ice                   3
   d - Throw Icicle                   Conjuration/Ice              4
   e - Summon Ice Beast               Ice/Summoning                4
Miscellaneous
 s - a lightning rod (4/4)
Comestibles
 c - 12 bread rations
 h - 14 royal jellies
 l - 3 meat rations


   Skills:
 - Level 1.1 Short Blades
 + Level 2.2 Staves
 - Level 2.4 Dodging
 - Level 2.4 Stealth
 + Level 14.5 Spellcasting
 + Level 12.8 Conjurations
 + Level 5.5 Summonings
 + Level 11.6 Fire Magic
 + Level 2.2 Ice Magic
 * Level 4.4 Air Magic
 + Level 7.4 Invocations
 + Level 1.5 Evocations


You had 9 spell levels left.
You knew the following spells:

 Your Spells              Type           Power        Failure   Level  Hunger
a - Flame Tongue          Conj/Fire      #####        1%          1    None
b - Throw Flame           Conj/Fire      ######       1%          2    None
c - Conjure Flame         Conj/Fire      ########     1%          3    None
d - Sticky Flame          Conj/Fire      ########     1%          4    None
e - Fireball              Conj/Fire      ########..   1%          5    ##.....
f - Lightning Bolt        Conj/Air       #######...   7%          5    ##.....
g - Call Canine Familiar  Summ           ######..     3%          3    None
h - Throw Icicle          Conj/Ice       #######.     4%          4    None
i - Summon Lightning Spi  Summ/Air       ######..     11%         4    None


Dungeon Overview and Level Annotations

Branches:
Dungeon (12/15)            Temple (1/1) D:6            Lair (0/6) D:11
    Orc (2/2) D:11
    Elf: Orc:2

Altars:
Ashenzari
Cheibriados
Dithmenos
Elyvilon
Fedhas
Gozag
Hepliaklqana
Kikubaaqudgha
Makhleb
Nemelex Xobeh
Okawaru
Qazlal
Ru
Sif Muna
Trog
Uskayaw
Vehumet
Wu Jian
Xom
Yredelemnul
Zin
The Shining One

Shops:
D:8 [   Orc:1 =


Innate Abilities, Weirdness & Mutations

You have a pair of small antennae on your head.
You have sharp toenails.
You are partially covered in iridescent scales. (AC +2)
You have a moderately thin skeletal structure. (Dex +4, Stealth+)
Your body sometimes deteriorates upon taking damage.
Your flesh is heat resistant. (rF+)
You are robust. (+10% HP)
Your spells are a little harder to cast, but a little more powerful.
You expend magic power (3 MP) to strengthen your wands.


Message History

There is a stone staircase leading up here.
You climb upwards.
There is a stone staircase leading down here.
Things that are here:
a robe; a dagger
There is a stone staircase leading down here.
You climb downwards.
A warg and a stone giant come into view.
The stone giant shouts!
The warg howls!
You hear a shout! x2
The warg closely misses you. The stone giant hits you!! The warg bites you!
Found 51 gold pieces.
An orc comes into view. It is wielding a club.
There is a stone staircase leading up, spattered with blood here.
Blink to where?
Press: ? - help, Dir - move target cursor You are very lightly contaminated with residual magic.
As you read the scroll of blinking, it crumbles to dust.
The stone giant throws a large rock.
The large rock hits you!!!
Ouch! That really hurt!
You die...

.. ...... ......
###......
#.....###........
#....#.........
#............#
............#
##.........#
#......<$#
#....@...#
#.........#
#.$.........#
..............#
###...........#
###.....#......#
#ยง......###.....
#..h.C...###
#.... #..#..$..##


You could see a stone giant.

Vanquished Creatures
  An ogre mage (Orc:1)
  3 two-headed ogres
  3 death yaks (D:11)
  An orc high priest (Orc:1)
  The ghost of newuser the Fighter, a novice VSWn of Okawaru (D:9)
  8 hell knights (D:11)
  An unseen horror (D:11)
  The ghost of Felkjern the Basher, a novice GrFi (D:6)
  6 orc knights (Orc:1)
  A necromancer (D:11)
  An orc sorcerer (Orc:1)
  Joseph (D:7)
  A gargoyle (D:12)
  A queen bee (D:9)
  3 trolls
  2 hornets
  3 hippogriffs
  7 yaks (D:11)
  A warg (Orc:1)
  7 two-headed ogre zombies (Orc:1)
  A soldier ant (D:12)
  A water moccasin (D:11)
  15 orc warriors
  7 hell hounds (D:11)
  6 sky beasts
  An ice beast (D:5)
  A black bear (D:6)
  An eye of draining (D:8)
  A phantom (D:9)
  A necrophage (D:8)
  8 ogres
  A centaur (D:8)
  A big kobold (D:11)
  2 bullfrogs
  2 gnoll sergeants (D:11)
  A water moccasin skeleton (D:5)
  2 scorpions (D:5)
  25 killer bees
  4 howler monkeys
  A bullfrog zombie (D:4)
  A crimson imp (D:5)
  5 orc priests
  6 hounds
  2 jellies
  2 bullfrog skeletons
  24 orc wizards
  A centaur skeleton (D:5)
  4 iguanas
  10 worker ants
  4 hound skeletons
  11 gnolls
  11 adders
  An ooze (D:4)
  An adder zombie (D:5)
  An adder skeleton (D:4)
  2 worms (D:3)
  5 dart slugs
  3 leopard geckos
  69 orcs
  A ball python (D:2)
  3 giant cockroaches
  6 goblins
  7 hobgoblins
  6 jackals
  3 quokkas
  5 bats
  6 frilled lizards
  A jackal skeleton (D:7)
  9 kobolds
  5 rats
350 creatures vanquished.

Vanquished Creatures (collateral kills)
  An orc knight (Orc:1)
  A troll (D:11)
  2 wargs (Orc:1)
  A hungry ghost (D:11)
  3 two-headed ogre zombies (Orc:1)
  An orc warrior (Orc:1)
  A necrophage (D:9)
  A big kobold (D:11)
  A gnoll sergeant (D:11)
  2 orc wizards
  A gnoll (D:11)
  An adder (D:10)
  5 orcs
  2 jackals (D:10)
23 creatures vanquished.

Vanquished Creatures (others)
  A yak (D:11)
1 creature vanquished.

Grand Total: 374 creatures vanquished

Notes
Turn   | Place    | Note
-------+----------+-------------------------------------------
     0 | D:1      | Musica the Deep Elf Fire Elementalist began the quest for the Orb.
     0 | D:1      | Reached XP level 1. HP: 10/10 MP: 6/6
    36 | D:2      | Reached XP level 2. HP: 12/15 MP: 1/8
    42 | D:1      | Learned a level 2 spell: Throw Flame
   354 | D:1      | Reached XP level 3. HP: 17/19 MP: 5/9
   365 | D:1      | Learned a level 3 spell: Conjure Flame
   849 | D:2      | Found a hazy altar of Hepliaklqana.
   921 | D:2      | Found an ornate altar of the Wu Jian Council.
  1043 | D:2      | Reached XP level 4. HP: 24/24 MP: 7/11
  1388 | D:3      | Found a blossoming altar of Fedhas.
  1653 | D:3      | Reached skill level 4 in Spellcasting
  1980 | D:3      | Found a faded altar of an unknown god.
  2145 | D:3      | Reached XP level 5. HP: 28/28 MP: 7/13
  2151 | D:3      | Learned a level 4 spell: Sticky Flame
  2392 | D:5      | Entered Level 5 of the Dungeon
  2532 | D:4      | Found an iron altar of Okawaru.
  2617 | D:4      | Found a stormy altar of Qazlal.
  2675 | D:4      | Found an opulent altar of Gozag.
  2716 | D:4      | Got a warped helmet
  2722 | D:4      | Identified the cursed +0 helmet of Gul Ydy {rC+ rN+ Slay-3} (You found it on level 4 of the Dungeon)
  2744 | D:4      | Found a shadowy altar of Dithmenos.
  2937 | D:4      | Reached XP level 6. HP: 32/32 MP: 13/15
  3066 | D:4      | Reached skill level 5 in Spellcasting
  3190 | D:5      | Found a snail-covered altar of Cheibriados.
  3192 | D:5      | Reached skill level 5 in Conjurations
  3291 | D:5      | Noticed an ice beast
  3304 | D:5      | Killed an ice beast
  3304 | D:5      | Reached skill level 5 in Fire Magic
  3356 | D:5      | Found a burning altar of Makhleb.
  3356 | D:5      | Noticed a sky beast
  3369 | D:5      | Killed a sky beast
  3369 | D:5      | Reached XP level 7. HP: 36/36 MP: 5/17
  3376 | D:5      | Gained mutation: You have a somewhat thin skeletal structure. (Dex +2, Stealth) [mutagenic meat]
  3377 | D:5      | Gained mutation: Your body sometimes deteriorates upon taking damage. [mutagenic meat]
  3378 | D:5      | Gained mutation: Scrolls take you a little longer to read. [mutagenic meat]
  3379 | D:5      | Gained mutation: You are partially covered in iridescent scales. (AC +2) [mutagenic meat]
  3380 | D:5      | Gained mutation: You are robust. (+10% HP) [mutagenic meat]
  3570 | D:5      | Reached skill level 6 in Spellcasting
  3681 | D:5      | Found a sparkling altar of Nemelex Xobeh.
  4052 | D:5      | Learned a level 5 spell: Fireball
  4113 | D:5      | Reached XP level 8. HP: 27/45 MP: 9/20
  4117 | D:5      | Gained mutation: You occasionally shout uncontrollably at your foes. [mutagenic meat]
  4118 | D:5      | Gained mutation: You have sharp toenails. [mutagenic meat]
  4136 | D:5      | Reached skill level 7 in Spellcasting
  4327 | D:6      | Noticed Felkjern's ghost (novice GrFi)
  4340 | D:6      | Killed Felkjern's ghost
  4340 | D:6      | Reached skill level 8 in Spellcasting
  4654 | D:6      | Reached XP level 9. HP: 49/49 MP: 0/23
  5014 | D:6      | Found a staircase to the Ecumenical Temple.
  5023 | Temple   | Entered the Ecumenical Temple
  5339 | Temple   | Learned a level 5 spell: Lightning Bolt
  5342 | Temple   | Became a worshipper of Sif Muna the Loreminder
  5856 | D:7      | Found a hide-covered altar of Uskayaw.
  5866 | D:7      | Reached skill level 9 in Spellcasting
  6151 | D:7      | Found a shimmering altar of Xom.
  6301 | D:7      | Noticed Joseph
  6313 | D:7      | Killed Joseph
  6651 | D:8      | Noticed a two-headed ogre
  6662 | D:8      | Killed a two-headed ogre
  6662 | D:8      | Reached * piety under Sif Muna
  6662 | D:8      | Reached skill level 10 in Spellcasting
  6752 | D:8      | Reached skill level 10 in Conjurations
  6969 | D:8      | Reached XP level 10. HP: 55/55 MP: 20/26
  7025 | D:8      | Found a bloodstained altar of Trog.
  7034 | D:8      | Learned a level 3 spell: Call Canine Familiar
  7453 | D:8      | Reached skill level 1 in Short Blades
  7453 | D:8      | Reached skill level 1 in Air Magic
  7827 | D:8      | Found Sudass's Antique Armour Shoppe.
  7997 | D:9      | Reached skill level 1 in Summonings
  8040 | D:9      | Noticed newuser's ghost (novice VSWn)
  8047 | D:9      | Killed newuser's ghost
  8047 | D:9      | Reached ** piety under Sif Muna
  8047 | D:9      | Reached skill level 11 in Spellcasting
  8165 | D:9      | Found a white marble altar of Elyvilon.
  8183 | D:9      | Found a radiant altar of Vehumet.
  8188 | D:9      | Reached skill level 1 in Invocations
  8277 | D:10     | Entered Level 10 of the Dungeon
  8300 | D:9      | Lost mutation: Scrolls take you a little longer to read. [potion of mutation]
  8300 | D:9      | Lost mutation: You occasionally shout uncontrollably at your foes. [potion of mutation]
  8300 | D:9      | Gained mutation: You are clumsy. (Dex -2) [potion of mutation]
  8300 | D:9      | Gained mutation: You have a moderately thin skeletal structure. (Dex +4, Stealth+) [potion of mutation]
  8371 | D:9      | You fall through a shaft for 3 floors!
  8405 | D:11     | Noticed a death yak
  8409 | D:11     | Noticed a two-headed ogre
  8417 | D:11     | Killed a death yak
  8440 | D:11     | Noticed a death yak
  8450 | D:11     | Killed a death yak
  8454 | D:11     | Noticed a death yak
  8471 | D:11     | Killed a death yak
  8471 | D:11     | Reached *** piety under Sif Muna
  8693 | D:10     | Reached XP level 11. HP: 22/59 MP: 26/28
  8952 | D:10     | Reached skill level 12 in Spellcasting
  9148 | D:10     | Found an opulent altar of Gozag.
  9645 | D:9      | Reached skill level 10 in Fire Magic
  9831 | D:9      | Reached **** piety under Sif Muna
  9931 | D:9      | Gained mutation: Your spells are a little harder to cast, but a little more powerful. [mutagenic meat]
 10131 | D:9      | Learned a level 4 spell: Throw Icicle
 10510 | D:10     | Got a jewelled quarterstaff
 10511 | D:10     | Identified the +10 quarterstaff "Murmur" {crush, *Drain +Blink rN++ Int+4} (You found it on level 10 of the Dungeon)
 10954 | D:11     | Killed a two-headed ogre
 10954 | D:11     | Reached skill level 1 in Staves
 10981 | D:11     | Lost mutation: You are clumsy. (Dex -2) [mutagenic meat]
 10982 | D:11     | Gained mutation: You expend magic power (3 MP) to strengthen your wands. [mutagenic meat]
 10984 | D:11     | Gained mutation: You have a pair of small antennae on your head. [mutagenic meat]
 10985 | D:11     | Gained mutation: Your flesh is heat resistant. (rF+) [mutagenic meat]
 11300 | D:11     | Learned a level 4 spell: Summon Lightning Spire
 11442 | D:11     | Found a staircase to the Orcish Mines.
 11516 | D:11     | Noticed an unseen horror
 11548 | D:11     | Found a staircase to the Lair.
 11551 | D:11     | Noticed a two-headed ogre
 11560 | D:11     | Killed a two-headed ogre
 11580 | D:11     | Lost strength.
 11590 | D:11     | Killed an unseen horror
 11731 | D:11     | Reached skill level 13 in Spellcasting
 11792 | D:12     | Reached skill level 5 in Invocations
 12226 | D:11     | Noticed a hell knight
 12235 | D:11     | Killed a hell knight
 12235 | D:11     | Reached skill level 5 in Summonings
 12235 | D:11     | Reached XP level 12. HP: 64/64 MP: 15/31
 12259 | D:11     | Reached ***** piety under Sif Muna
 12288 | D:11     | Identified Sif Muna's Catalogue of Attacks (Sif Muna gifted it to you on level 11 of the Dungeon)
 12288 | D:11     | Received a gift from Sif Muna
 12702 | D:11     | Reached skill level 1 in Ice Magic
 12702 | D:11     | Reached skill level 1 in Evocations
 13093 | Orc:1    | Entered Level 1 of the Orcish Mines
 13707 | Orc:1    | Reached skill level 14 in Spellcasting
 13719 | Orc:1    | Noticed an ogre mage
 13726 | Orc:1    | Noticed an orc high priest
 14009 | Orc:1    | Killed an orc high priest
 14505 | Orc:1    | Killed an ogre mage
 15028 | Orc:1    | Found Rewomats's Jewellery Shop.
 15035 | Orc:1    | Bought an uncursed ring of fire for 350 gold pieces
 15099 | Orc:2    | Entered Level 2 of the Orcish Mines
 15152 | Orc:2    | Noticed a stone giant
 15153 | Orc:2    | Hit by a large rock thrown by a stone giant

Vault maps used:
D:1:      tarquinn_simple_flora_water_a
D:2:      lemuel_doored_altar, old_standard_altar
D:3:      chequers_ecumenical_altar_twisty, fedhas_altar_4
D:4:      nicolae_qazlal_general_emergency, lemuel_round_altar,
          old_standard_altar, overflow_temple_1_default
D:5:      kennysheep_slug_shrine, bloody_makhleb, overflow_temple_1_default,
          first_bread
D:6:      temple_statues, minmay_crossroads
D:7:      lemuel_crystal_altar, grunt_ogre_cave, tgw_xom, uniq_joseph
D:8:      kennysheep_little_box, serial_shops,
          nicolae_shop_competitors_out_of_business, minmay_orc_keep
D:9:      elyvilon_altar_1, overflow_temple_1_default, special_room
D:10:     basic_altar
D:11:     dpeg_lair_monsters, kennysheep_orc_monster_closet_entryway,
          minmay_rotating_lava
Temple:   compressed_dpeg_triangle_lava_temple
Orc:1:    lemuel_ogre_cave, guppyfry_orc_lava_fort
Orc:2:    st_orc_mages

Skill      XL: |  1  2  3  4  5  6  7  8  9 10 11 12 |
---------------+-------------------------------------+-----
Conjurations   | 2 3 4 5 7 8 10 11 12 | 12.8
Fire Magic     | 4 5 6 7 8 9 10 11 | 11.6
Spellcasting   | 4 5 6 8 10 11 13 14 | 14.5
Short Blades   | 1 |  1.1
Air Magic      | 3 4 |  4.4
Summonings     | 3 5 |  5.5
Invocations    | 2 5 7 |  7.4
Staves         | 1 2 |  2.2
Ice Magic      | 2 |  2.2
Evocations     | 1 |  1.5
Dodging        | |  2.4
Stealth        | |  2.4

Action                   |  1- 3 |  4- 6 |  7- 9 | 10-12 || total
-------------------------+-------+-------+-------+-------++-------
Melee: Unarmed           |    11 |       |       |       ||    11
       Dagger            |     7 |     4 |    30 |     6 ||    47
       Quarterstaff      |       |       |       |    27 ||    27
       Demon whip        |       |       |       |     4 ||     4
Throw: Tomahawk          |       |       |       |     9 ||     9
       Throwing net      |       |       |       |     1 ||     1
 Cast: Flame Tongue      |    64 |    86 |   154 |   209 ||   513
       Throw Flame       |     3 |       |     4 |    86 ||    93
       Conjure Flame     |       |     5 |     7 |    16 ||    28
       Sticky Flame      |       |     3 |    15 |    34 ||    52
       Fireball          |       |       |     9 |    68 ||    77
       Call Canine Famil |       |       |       |     9 ||     9
       Throw Icicle      |       |       |       |    35 ||    35
       Summon Lightning  |       |       |       |    13 ||    13
Evoke: Wand              |       |       |     3 |    28 ||    31
       Lightning rod     |       |       |       |     4 ||     4
  Use: Scroll            |     8 |     3 |     6 |     9 ||    26
       Potion            |       |       |     7 |     8 ||    15
 Stab: Sleeping          |     3 |     4 |     4 |     2 ||    13
  Eat: Chunk             |       |     8 |    17 |    30 ||    55
       Fruit             |       |       |     1 |     3 ||     4
       Royal jelly       |       |       |     2 |     1 ||     3
       Meat ration       |       |       |       |     2 ||     2
Armor: Robe              |     3 |     2 |    18 |    15 ||    38
       Troll leather arm |       |       |       |    29 ||    29
Dodge: Dodged            |    23 |    30 |    33 |    93 ||   179
